 Dungeon Crawl Stone Soup version 0.28.0 (webtiles) character file.

Game seed: 2070121852169411368

23 Sanktem7 the Covered (level 2, 0/27 HPs)
             Began as a Minotaur Fighter on Feb 16, 2022.
             Slain by a phantom (6 damage)
             ... on level 2 of the Dungeon.
             The game lasted 00:01:40 (858 turns).

Sanktem7 the Covered (Minotaur Fighter)              Turns: 858, Time: 00:01:41

Health: 0/27       AC:  7    Str: 20    XL:     2   Next: 72%
Magic:  1/1        EV:  9    Int:  5    God:
Gold:   10         SH:  4    Dex:  9    Spells: 1/1 levels left

rFire   . . .      SeeInvis .   a - +0 war axe
rCold   . . .      Faith    .   c - +0 buckler
rNeg    . . .      Spirit   .   b - +0 scale mail
rPois   .          Reflect  .   (helmet restricted)
rElec   .          Harm     .   (no cloak)
rCorr   .          Rampage  .   (no gloves)
Will    .....                   (no boots)
Stlth   ..........              (no amulet)
HPRegen 0.09/turn               (no ring)
MPRegen 0.07/turn               (no ring)

@: no status effects
A: horns 2, retaliatory headbutt
a: no special abilities


You were on level 2 of the Dungeon.
You visited 1 branch of the dungeon, and saw 2 of its levels.

You collected 10 gold pieces.

Inventory:

Hand Weapons
 a - a +0 war axe (weapon)
Armour
 b - a +0 scale mail (worn)
 c - a +0 buckler (worn)
Jewellery
 l - a +6 ring of dexterity
Scrolls
 e - a scroll of teleportation {unknown}
 g - a scroll of identify {unknown}
 h - a scroll of noise {unknown}
 i - a scroll of magic mapping {unknown}
 k - a scroll of immolation {unknown}
Potions
 d - a potion of might
 f - 2 potions of flight {unknown}
 j - a potion of brilliance {unknown}
 m - a potion of resistance {unknown}


   Skills:
 * Level 4.1 Fighting
 * Level 2.7 Axes
 * Level 4.3 Armour
 - Level 3.6 Shields


You had one spell level left.
You didn't know any spells.
Your spell library was empty.

Dungeon Overview and Level Annotations

Branches:
Dungeon (2/15)

Altars:


Innate Abilities, Weirdness & Mutations

You have a pair of horns on your head.
You reflexively headbutt those who attack you in melee.


Message History

You kill the quokka!
Found 11 bolts.
A worm and a phantom come into view.
The worm moves out of view.
A phantom is nearby!
A phantom is nearby!
Found a stone staircase leading down.
The phantom barely misses you.
You miss the phantom. The phantom barely misses you.
You closely miss the phantom.
The phantom hits you but does no damage.
You slash the phantom! Your headbutt misses the phantom.
The phantom is moderately damaged.
The phantom hits you.
The phantom blinks!
You blink.
The phantom hits you.
The phantom blinks!
You blink.
You hit the phantom.
The phantom is heavily damaged.
The phantom hits you but does no damage.
You closely miss the phantom.
The phantom is heavily damaged.
The phantom hits you.
You hit the phantom but do no damage. Your headbutt misses the phantom.
The phantom is heavily damaged.
The phantom hits you but does no damage. x2
You barely miss the phantom.
The phantom is heavily damaged.
You slash the worm! The phantom hits you.
The phantom blinks!
You blink.
The phantom hits you but does no damage.
You hit the phantom but do no damage. You headbutt the phantom.
The phantom is severely damaged.
You block the phantom's attack. The phantom hits you.
* * * LOW HITPOINT WARNING * * *
The phantom blinks!
You blink.
The phantom hits you.
* * * LOW HITPOINT WARNING * * *
You closely miss the phantom.
The phantom is severely damaged.
You hit the worm but do no damage. The phantom barely misses you.
The phantom hits you.
You die...

.###### ......#+### ##
#.......# # .. #.......#
#. #. #.......# # #.. #.
#...w@..#.#
##...#.####..<.W..#.#####
................†........
.....................###
...##...............##
#.........#.....#
#...............#
#....#..#.##......
>....!...............


You could see a phantom and a worm.

Vanquished Creatures
  An endoplasm (D:1)
  A giant cockroach (D:1)
  2 goblins (D:1)
  10 jackals
  A quokka (D:2)
  A frilled lizard (D:1)
  2 rats (D:1)
18 creatures vanquished.

Notes
Turn   | Place    | Note
-------+----------+-------------------------------------------
     0 | D:1      | Sanktem7 the Minotaur Fighter began the quest for the Orb.
     0 | D:1      | Reached XP level 1. HP: 19/19 MP: 0/0
   360 | D:1      | Reached XP level 2. HP: 25/27 MP: 1/1
   840 | D:2      | Noticed a phantom
   858 | D:2      | Slain by a phantom

Illustrated notes

Levels and vault maps discovered:
D:1:      minmay_arrival_glassed_features, layout_loops_corners
D:2:      layout_basic, uniq_natasha

Skill      XL: |  1  2 |
---------------+-------+-----
Armour         | 4 |  4.3
Fighting       | 4 |  4.1
Axes           | |  2.7
Shields        | |  3.6

Action                   || total
-------------------------++-------
Melee: War axe           ||    40
       Headbutt          ||     7
Armor: Scale mail        ||    24
Dodge: Dodged            ||    25
Block: Buckler           ||     8
